 Dungeon Crawl Stone Soup version 0.31-a0-1300-gb6740aa4e6 (webtiles) character file.

Game seed: 16855579889073070739

19679 mopl the Summoner (level 12, -4/72 HPs)
             Began as a Tengu Summoner on Dec 18, 2023.
             Was a High Priest of Sif Muna.
             Slain by an orc high priest
             ... wielding a +0 halberd
              (9 damage)
             ... on level 1 of the Orcish Mines.
             The game lasted 00:27:40 (11051 turns).

mopl the Summoner (Tengu Summoner)                 Turns: 11051, Time: 00:27:41

Health: -4/72      AC: 10    Str:  9    XL:     12   Next: 71%
Magic:  25/25      EV: 16    Int: 19    God:    Sif Muna [*****.]
Gold:   841        SH:  0    Dex: 16    Spells: 4/28 levels left

rFire   . . .        T - +1 glaive (venom)
rCold   . . .        (shield currently unavailable)
rNeg    . . .        V - +0 troll leather armour
rPois   .            x - +1 hat {Stlth+}
rElec   .            Z - +0 cloak
rCorr   .            c - +0 pair of gloves
SInv    +            (boots unavailable)
Will    .....        y - amulet of magic regeneration
Stlth   +++          I - +4 ring of protection
HPRegen 1.12/turn    o - ring of see invisible
MPRegen 0.59/turn

%: acrobat
@: mighty, brilliant, unable to call your familiar, flying
A: beak, talons 3, evasive flight, acrobatic
a: Renounce Religion, Channel Magic, Forget Spell, Divine Exegesis


You were on level 1 of the Orcish Mines.
You worshipped Sif Muna.
Sif Muna was extremely pleased with you.
You visited 4 branches of the dungeon, and saw 13 of its levels.

You collected 841 gold pieces.

Inventory:

Hand Weapons
 a - a +2 short sword of venom
 b - a +2 sling of flaming
 j - a +3 trident
 T - a +1 glaive of venom (weapon)
Missiles
 r - 17 poisoned darts
 L - 3 throwing nets
 W - a curare-tipped dart
Armour
 c - a +0 pair of gloves (worn)
 w - a +0 kite shield
 x - a +1 hat of stealth (worn)
 B - a +2 robe of willpower
 E - a +1 leather armour of cold resistance
 G - the +4 ring mail of Iravaint {MP+9}
   (You found it on level 5 of the Dungeon)

   MP+9:      It affects your magic capacity (+9).
 P - a +2 ring mail of fire resistance
 U - +0 steam dragon scales
 V - a +0 troll leather armour (worn)
 Z - a +0 cloak (worn)
Jewellery
 o - a ring of see invisible (right hand)
 y - an amulet of magic regeneration (around neck)
 F - a +6 ring of dexterity
 I - a +4 ring of protection (left hand)
Wands
 k - a wand of mindburst (5)
 t - a wand of charming (18)
Scrolls
 d - 3 scrolls of identify
 e - 2 scrolls of enchant weapon {unknown}
 g - 5 scrolls of teleportation
 h - 4 scrolls of enchant armour {unknown}
 l - 2 scrolls of fog {unknown}
 m - 3 scrolls of noise
 s - 2 scrolls of revelation {unknown}
 u - 4 scrolls of amnesia {unknown}
 A - a scroll of butterflies {unknown}
 D - a scroll of fear {unknown}
 J - a scroll of silence {unknown}
 N - a scroll of torment {unknown}
 O - a scroll of immolation {unknown}
 R - a scroll of vulnerability {unknown}
 Y - a scroll of blinking {unknown}
Potions
 f - 3 potions of curing
 i - 2 potions of magic
 n - a potion of might
 p - 4 potions of brilliance
 v - a potion of enlightenment {unknown}
 z - 2 potions of cancellation {unknown}
 C - a potion of heal wounds {unknown}
 K - a potion of degeneration {unknown}
 Q - a potion of haste {unknown}
 S - 4 potions of mutation {unknown}


   Skills:
 + Level 7.4 Fighting
 + Level 8.1 Polearms
 - Level 2.1 Dodging
 - Level 2.0 Stealth
 + Level 7.3 Shields
 + Level 8.9 Spellcasting
 + Level 12.0 Summonings
 + Level 3.5 Translocations
 - Level 3.0 Air Magic
 + Level 7.4 Invocations


You had 4 spell levels left.
You knew the following spells:

 Your Spells              Type           Power      Damage    Failure   Level
a - Summon Cactus Giant   Summ           34%        N/A       13%         6
b - Call Imp              Summ           100%       N/A       1%          2
c - Call Canine Familiar  Summ           69%        N/A       1%          3
d - Summon Lightning Spi  Summ/Air       54%        N/A       5%          4
e - Summon Small Mammal   Summ           100%       N/A       1%          1
f - Summon Forest         Summ/Tloc      27%        N/A       13%         5
g - Summon Guardian Gole  Hex/Summ       47%        N/A       3%          3

Your spell library contained the following spells:

 Spells                   Type           Power      Damage    Failure   Level
 Jinxbite                 Hex            24%        N/A       19%         2
 Wereblood                Tmut           12%        N/A       19%         2
 Vhi's Electric Charge    Tloc/Air       62%        N/A       30%         4
 Inner Flame              Hex/Fire       12%        N/A       34%         3
 Brom's Barrelling Bould  Conj/Erth      12%        2d4       75%         4
 Summon Mana Viper        Hex/Summ       47%        N/A       26%         5
 Arcjolt                  Conj/Air       10%        1d20      87%         5
 Alistair's Intoxication  Tmut/Pois      8%         N/A       97%         5
 Borgnjor's Vile Clutch   Necr/Erth      6%         N/A       97%         5
 Fireball                 Conj/Fire      6%         3d5       97%         5
 Irradiate                Conj/Tmut      6%         3d13      97%         5
 Iskenderun's Battlesphe  Conj           12%        2d7       97%         5
 Conjure Ball Lightning   Conj/Air       10%        3x3d6     100%        6
 Eringya's Noxious Bog    Tmut/Pois      6%         4d6       100%        6
 Orb of Destruction       Conj           6%         9d6       100%        7
 Discord                  Hex            6%         N/A       100%        8
 Maxwell's Capacitive Co  Air            14%        ∞         100%        8


Dungeon Overview and Level Annotations

Branches:
Dungeon (10/15)            Temple (1/1) D:4            Lair (1/5) D:8
    Orc (1/2) D:9

Altars:
Ashenzari
Cheibriados
Dithmenos
Elyvilon
Fedhas
Gozag
Hepliaklqana
Kikubaaqudgha
Makhleb
Nemelex Xobeh
Okawaru
Qazlal
Ru
Sif Muna
Trog
Uskayaw
Vehumet
Wu Jian
Xom
Yredelemnul
Zin
The Shining One

Shops:
D:6 (*   D:9 [   D:10 [   Orc:1 [

Annotations:
D:5 dig


Innate Abilities, Weirdness & Mutations

You have a beak for a mouth.
You have claws for feet.
Your magical flight helps you evade attacks. (EV +4)
You can magically evade attacks while moving or waiting.


Message History

The orc high priest is heavily wounded.
The orc wizard mumbles some strange words.
The orc wizard flickers and vanishes for a moment.
Your inugami hits the orc high priest.
The orc priest miscasts a cantrip.
The orc high priest utters an invocation to Beogh.
Send 'em back where they came from!
Your inugami shudders.
The chaos spawn closely misses you.
The hellwing hits you but does no damage.
The hellwing hits you.
* * * LOW HITPOINT WARNING * * *
The orc knight hits your inugami but does no damage.
Unknown command.
You slash the orc high priest!
The orc high priest is poisoned.
You claw the orc high priest, but do no damage.
Your peck misses the orc high priest.
The orc high priest is severely wounded.
The orc high priest no longer looks unusually strong.
The orc wizard no longer looks unusually strong.
Your inugami hits the orc knight but does no damage.
The orc high priest utters an invocation to Beogh.
The chaos spawn punches you!
* * * LOW HITPOINT WARNING * * *
You feel very mighty all of a sudden. The hellwing misses you.
The hellwing hits you but does no damage.
The orc knight hits your inugami with a +0 battleaxe of venom!
Your inugami dies!
Your inugami disappears in a puff of smoke!
The orc wizard mumbles some strange words.
The orc wizard flickers and vanishes for a moment.
The orc high priest closely misses you.
The chaos spawn punches you but does no damage.
Unknown command.
You barely miss the orc high priest.
The orc high priest is severely wounded.
The hellwing disappears in a puff of smoke!
The orc high priest hits you with a +0 halberd!
You die...

.......≈ #≈≈§§§.......## #
.......≈ §#..#≈§§§§........#.##
.........§#.....§..............#
..#..# #..................^....#
.....# #............o...........
..o..# #.....O.3o..#......$##.#
....## ##..#..ooo..........## #
...o## #.......ooo....#....#
.#...# #...$)§4@o.....#....
..#.## #...#.§4......##..##
.#### ##...#......... ### ..#
##.###.##.#..# .## ### ### ## ##
## #


You could see an orc knight, an orc high priest (very poisoned), a sun demon
(summoned), an ice devil (summoned), a chaos spawn (summoned), an orc warrior,
an ogre, an orc priest (strong), 2 orc wizards and 3 orcs.

Vanquished Creatures
  Gastronok (Lair:1)
  2 two-headed ogres (D:10)
  An unseen horror (D:10)
  A kobold demonologist (D:10)
  A rime drake (D:8)
  2 polar bears (D:8)
  A hornet (D:10)
  2 trolls (D:10)
  2 wyverns
  10 yaks
  2 steam dragons
  Edmund (D:6)
  An acid dragon (D:10)
  4 water moccasins (Lair:1)
  6 orc warriors
  2 sky beasts
  4 ice beasts (D:8)
  3 black bears
  A wolf (D:8)
  2 centaurs
  A phantom (D:5)
  2 kobold brigands
  7 bullfrogs
  2 scorpions (D:5)
  3 wights
  13 killer bees
  2 howler monkeys (D:10)
  3 hounds
  5 orc priests
  An iguana (D:6)
  A sleepcap (D:5)
  5 orc wizards
  Robin (D:4)
  3 gnolls (D:6)
  3 adders
  A shadow imp (D:7)
  2 white imps
  2 ufetubi (D:6)
  4 dart slugs
  31 orcs
  7 ball pythons
  5 bats
  An endoplasm (D:3)
  3 giant cockroaches
  11 goblins
  6 hobgoblins
  3 jackals (D:1)
  3 frilled lizards (D:1)
  18 kobolds
  3 rats (D:1)
201 creatures vanquished.

Vanquished Creatures (collateral kills)
  Harold (Lair:1)
  A two-headed ogre (D:10)
  Nergalle (Lair:1)
  A nameless horror (D:9)
  3 cane toads (Lair:1)
  A rime drake (Lair:1)
  A troll (D:10)
  A shadow (D:10)
  3 yaks (Lair:1)
  Eustachio (D:5)
  A warg (D:9)
  Menkaure (D:4)
  An acid dragon (D:9)
  3 water moccasins (Lair:1)
  4 orc warriors
  A black bear (D:5)
  2 ice beasts
  2 wolves (D:8)
  A phantom (D:6)
  Blork the orc (D:4)
  A scorpion (D:5)
  4 wights
  A killer bee (D:7)
  2 hounds
  3 orc priests
  A sleepcap (D:5)
  2 iguanas (D:5)
  8 orc wizards
  A gnoll bouda (D:5)
  3 gnolls (D:3)
  3 adders (D:2)
  13 orcs
  A kobold (D:10)
74 creatures vanquished.

Vanquished Creatures (others)
  A two-headed ogre (D:9)
  Pikel (D:5)
  A gargoyle (D:10)
  Maggie (D:9)
  A komodo dragon (Lair:1)
  A hornet (D:7)
  A wraith (D:10)
  2 yaks
  A sky beast (D:7)
  3 orc warriors
  3 lemures (D:5)
  A wight (D:8)
  3 orcs
  2 hobgoblins (D:4)
  A goblin (D:4)
  A snaplasher vine (Orc:1)
24 creatures vanquished.

Grand Total: 299 creatures vanquished

Notes
Turn   | Place    | Note
-------+----------+-------------------------------------------
     0 | D:1      | mopl the Tengu Summoner began the quest for the Orb.
     0 | D:1      | Reached XP level 1. HP: 10/10 MP: 4/4
     0 | D:1      | Found a basalt altar of Yredelemnul.
    55 | D:1      | Reached skill level 5 in Summonings
    73 | D:1      | Reached XP level 2. HP: 15/15 MP: 6/6
   526 | D:1      | Reached XP level 3. HP: 19/19 MP: 7/7
   530 | D:1      | Learned a level 2 spell: Call Imp
   534 | D:1      | Learned a level 3 spell: Call Canine Familiar
   892 | D:2      | Reached skill level 3 in Spellcasting
   892 | D:2      | Reached XP level 4. HP: 24/24 MP: 9/9
  1483 | D:3      | Learned a level 3 spell: Summon Guardian Golem
  1512 | D:3      | Reached skill level 6 in Summonings
  1596 | D:3      | Reached XP level 5. HP: 17/28 MP: 5/11
  1761 | D:3      | Reached skill level 4 in Spellcasting
  1928 | D:3      | Found a faded altar of an unknown god.
  2510 | D:4      | Noticed a phantom
  2560 | D:4      | Found a staircase to the Ecumenical Temple.
  2564 | D:4      | Noticed Blork the orc
  2579 | D:4      | Killed Blork the orc
  2580 | D:4      | Reached skill level 7 in Summonings
  2580 | D:4      | Reached XP level 6. HP: 29/32 MP: 3/13
  2594 | Temple   | Entered the Ecumenical Temple
  2600 | Temple   | Became a worshipper of Sif Muna the Loreminder
  2753 | D:4      | Noticed Menkaure
  2766 | D:4      | Killed Menkaure
  2767 | D:4      | Reached skill level 1 in Invocations
  2851 | D:4      | Gained mutation: Your magical flight helps you evade
                  | attacks. (EV +4) [Tengu growth]
  2851 | D:4      | Reached XP level 7. HP: 36/36 MP: 15/15
  2859 | D:4      | Noticed Robin
  2873 | D:4      | Killed Robin
  3109 | D:5      | Entered Level 5 of the Dungeon
  3208 | D:5      | Reached skill level 5 in Spellcasting
  3208 | D:5      | Reached skill level 2 in Invocations
  3241 | D:5      | Reached skill level 8 in Summonings
  3412 | D:5      | Reached skill level 3 in Invocations
  3412 | D:5      | Reached XP level 8. HP: 41/41 MP: 15/17
  3431 | D:5      | Noticed Eustachio
  3435 | D:5      | Noticed Pikel
  3501 | D:5      | Killed Pikel
  3502 | D:5      | Reached skill level 1 in Fighting
  3502 | D:5      | Reached skill level 2 in Polearms
  3502 | D:5      | Reached skill level 1 in Shields
  3676 | D:5      | Reached skill level 2 in Fighting
  3676 | D:5      | Reached skill level 2 in Shields
  3734 | D:5      | Killed Eustachio
  3735 | D:5      | Reached skill level 6 in Spellcasting
  3810 | D:5      | Reached * piety under Sif Muna
  3811 | D:5      | Reached skill level 9 in Summonings
  3821 | D:5      | HP: 2/45 [poisoned by a scorpion]
  4006 | D:5      | Reached XP level 9. HP: 49/49 MP: 19/19
  4145 | D:5      | Reached skill level 3 in Polearms
  4145 | D:5      | Reached skill level 4 in Invocations
  4157 | D:5      | Identified the +4 ring mail of Iravaint {MP+9}
  4183 | D:5      | Found a glowing silver altar of Zin.
  4203 | D:5      | Learned a level 4 spell: Summon Lightning Spire
  4317 | D:6      | Noticed Edmund
  4332 | D:6      | Killed Edmund
  4342 | D:6      | Found Loimuu Zido's Elemental Accessories.
  4362 | D:6      | Found a hazy altar of Hepliaklqana.
  4373 | D:6      | Reached skill level 3 in Fighting
  4373 | D:6      | Reached skill level 1 in Air Magic
  4592 | D:6      | Found a snail-covered altar of Cheibriados.
  4836 | D:6      | Found Dellycim's Antique Weapon Emporium.
  4972 | D:7      | Reached skill level 3 in Shields
  5102 | D:7      | Noticed a hornet
  5118 | D:7      | Paralysed by a hornet for 1 turns
  5125 | D:7      | Killed a hornet
  5126 | D:7      | Reached skill level 2 in Air Magic
  5237 | D:7      | Reached ** piety under Sif Muna
  5247 | D:7      | Reached skill level 4 in Polearms
  5322 | D:7      | Reached skill level 3 in Air Magic
  5392 | D:7      | Learned a level 6 spell: Summon Cactus Giant
  5612 | D:8      | Noticed a polar bear
  5637 | D:8      | Reached skill level 4 in Fighting
  5637 | D:8      | Reached XP level 10. HP: 48/56 MP: 21/21
  5656 | D:8      | Reached skill level 4 in Shields
  5688 | D:8      | Reached skill level 5 in Invocations
  5772 | D:8      | Reached skill level 7 in Spellcasting
  5879 | D:8      | Reached skill level 10 in Summonings
  5986 | D:8      | Reached skill level 5 in Polearms
  6296 | D:8      | Found a staircase to the Lair.
  6498 | D:8      | Reached skill level 5 in Fighting
  6585 | D:8      | Reached *** piety under Sif Muna
  6635 | D:8      | Reached skill level 5 in Shields
  7465 | D:9      | Noticed a nameless horror
  7598 | D:9      | Found Myzyurae's Armour Boutique.
  7600 | D:9      | Found a staircase to the Orcish Mines.
  7637 | D:9      | Noticed a two-headed ogre
  7648 | D:9      | Killed a two-headed ogre
  7691 | D:9      | Noticed Maggie
  7707 | D:9      | Killed Maggie
  7708 | D:9      | Reached skill level 6 in Polearms
  7708 | D:9      | Reached XP level 11. HP: 26/64 MP: 23/23
  7938 | D:9      | Identified the serpent talisman of the Other World {Dex+2}
  7992 | D:9      | Killed a nameless horror
  8042 | D:9      | Reached skill level 6 in Invocations
  8426 | D:10     | Entered Level 10 of the Dungeon
  8526 | D:10     | Learned a level 5 spell: Summon Forest
  8805 | D:10     | Noticed a two-headed ogre
  8815 | D:10     | Killed a two-headed ogre
  8833 | D:10     | Reached skill level 1 in Translocations
  8924 | D:10     | Reached skill level 6 in Fighting
  8972 | D:10     | Reached skill level 11 in Summonings
  8980 | D:10     | Reached skill level 6 in Shields
  8980 | D:10     | Reached skill level 8 in Spellcasting
  9240 | D:10     | Noticed a two-headed ogre
  9245 | D:10     | Killed a two-headed ogre
  9344 | D:10     | Reached **** piety under Sif Muna
  9382 | D:10     | Found Houphucets's Antique Armour Shoppe.
  9520 | D:10     | Reached skill level 7 in Polearms
  9520 | D:10     | Reached skill level 2 in Translocations
  9527 | D:10     | Noticed a two-headed ogre
  9547 | D:10     | Killed a two-headed ogre
  9677 | D:10     | Reached XP level 12. HP: 48/71 MP: 25/25
  9911 | Lair:1   | Entered Level 1 of the Lair of Beasts
 10026 | Lair:1   | Noticed Nergalle
 10042 | Lair:1   | Killed Nergalle
 10046 | Lair:1   | Noticed Harold
 10057 | Lair:1   | Reached skill level 7 in Invocations
 10063 | Lair:1   | Reached skill level 7 in Fighting
 10065 | Lair:1   | Killed Harold
 10066 | Lair:1   | Reached skill level 3 in Translocations
 10086 | Lair:1   | Reached skill level 7 in Shields
 10180 | Lair:1   | Noticed Gastronok
 10200 | Lair:1   | Killed Gastronok
 10201 | Lair:1   | Reached skill level 8 in Polearms
 10714 | Lair:1   | Reached skill level 12 in Summonings
 10868 | Orc:1    | Entered Level 1 of the Orcish Mines
 10882 | Orc:1    | Reached ***** piety under Sif Muna
 10993 | Orc:1    | Noticed an orc high priest
 11007 | Orc:1    | Received a gift from Sif Muna
 11008 | Orc:1    | Got Sif Muna's Elucidation of the Curse {god gift}
 11011 | Orc:1    | Noticed a soul eater
 11016 | Orc:1    | Found Joloveh's Antique Armour Boutique.
 11032 | Orc:1    | Noticed an orc high priest
 11051 | Orc:1    | Noticed a sun demon
 11051 | Orc:1    | Slain by an orc high priest

Illustrated notes

Levels and vault maps discovered:
D:1:      sevenhm_arrival_forest_fort_small_6, layout_rooms,
          minmay_misc_feat_rugged, grunt_decor_mini_mirrors
D:2:      layout_basic, grunt_decor_fettered, mrwooster_statue_mirror
D:3:      layout_loops_ring, hellmonk_ecumenical_altar_zigzags,
          minmay_misc_feat_x, minmay_cut_off
D:4:      layout_loops_ring, minmay_temple_entry_statues_fountains,
          hangedman_decor_diamond_cutter, uniq_menkaure, uniq_robin,
          uniq_blork_the_orc
D:5:      layout_basic, zin_scriptorium, minmay_bent, uniq_eustachio, uniq_pikel
D:6:      layout_loops_ring, mainiacjoe_overflow_large_starburst, serial_shops,
          nicolae_shop_peninsula, minmay_misc_feat_plants,
          nicolae_elemental_shop, uniq_edmund
D:7:      layout_cave_pools
D:8:      layout_loops_ring, hellmonk_lair_entry_icy
D:9:      layout_irregular_city, orc_david_3, uniq_maggie
D:10:     minmay_s_stair_smasher, layout_loops_corners, serial_shops, shop
Temple:   nicolae_temple_bog_church
Lair:1:   layout_chaotic_city, grunt_megastairs_3, serial_bayou_shore_b,
          uniq_harold, uniq_gastronok, uniq_nergalle
Orc:1:    layout_caves, special_room [special_room_orc],
          portal_ice_cave_entry_pillars_2, guppyfry_orc_lava_fort

Skill      XL: |  1  2  3  4  5  6  7  8  9 10 11 12 |
---------------+-------------------------------------+-----
Summonings     | 5 6 7 8 9 10 11 12 | 12.0
Spellcasting   | 3 4 5 6 7 8 |  8.9
Invocations    | 1 3 4 5 6 7 |  7.4
Fighting       | 2 4 5 6 7 |  7.4
Polearms       | 2 4 6 7 8 |  8.1
Shields        | 2 3 5 6 7 |  7.3
Air Magic      | 3 |  3.0
Translocations | 2 3 |  3.5
Dodging        | |  2.1
Stealth        | |  2.0

Action                     |  1- 3 |  4- 6 |  7- 9 | 10-12 || total
---------------------------+-------+-------+-------+-------++-------
  Melee: Mace              |    13 |       |       |       ||    13
         Kick              |     4 |     3 |    64 |   146 ||   217
         Peck              |     2 |     1 |    38 |    89 ||   130
         Unarmed           |     1 |       |       |       ||     1
         Dagger            |       |     1 |       |       ||     1
         Short sword       |       |     9 |   180 |   182 ||   371
         Punch             |       |       |     5 |     3 ||     8
         Glaive            |       |       |       |   238 ||   238
   Fire: Sling             |    40 |    59 |       |       ||    99
   Cast: Call Imp          |     2 |     4 |     4 |     5 ||    15
         Call Canine Famil |     1 |     4 |    13 |    41 ||    59
         Summon Guardian G |       |     3 |    10 |    22 ||    35
         Summon Small Mamm |       |       |     2 |     1 ||     3
         Summon Cactus Gia |       |       |       |    11 ||    11
         Summon Forest     |       |       |       |     1 ||     1
  Evoke: Wand              |       |       |       |     1 ||     1
    Use: Potion            |       |       |     1 |     5 ||     6
         Scroll            |       |       |       |     7 ||     7
   Stab: Sleeping          |     3 |       |     4 |     3 ||    10
         Distracted        |       |       |     2 |       ||     2
 Armour: Robe              |    14 |    21 |    87 |   103 ||   225
         Troll leather arm |       |       |       |   174 ||   174
         Steam dragon scal |       |       |       |     2 ||     2
  Dodge: Dodged            |    24 |    36 |   209 |   421 ||   690

Table legend: (Time is in decaauts)
 A = Elapsed time spent in this place.
 B = Non-inter-level travel time spent in this place.
 C = Inter-level travel time spent in this place.
 D = Time resting spent in this place.
 E = Time spent auto-exploring this place.
 F = Levels seen in this place.
 G = Mean time per level.
                   A        B        C        D        E       F      G
               +--------+--------+--------+--------+--------+-----+--------+
         Total |  11195 |  10736 |    459 |   1759 |   6037 |  13 |  861.2 |
       Dungeon |  10146 |   9708 |    438 |   1722 |   5476 |  10 | 1014.6 |
        Temple |     12 |      6 |      6 |      0 |      0 |   1 |   12.0 |
          Lair |    907 |    893 |     14 |     37 |    561 |   1 |  907.0 |
  Orcish Mines |    129 |    129 |      0 |      0 |      0 |   1 |  129.0 |
               +--------+--------+--------+--------+--------+-----+--------+

Top non-repeatable levels by time:
     D:8: 1613 daAuts
    D:10: 1508 daAuts
     D:9: 1306 daAuts
     D:5: 1125 daAuts
     D:2: 910 daAuts
  Lair:1: 907 daAuts
     D:3: 904 daAuts
     D:7: 761 daAuts
     D:4: 731 daAuts
     D:6: 694 daAuts
     D:1: 591 daAuts
   Orc:1: 129 daAuts
  Temple: 12 daAuts
